Map: Reclamation LE

Players

Zodiak

  • Race: Terran Terran
  • League: Master
  • Spawn Location: 6:00

Ayhowa

  • Race: Terran Terran
  • League: Gold
  • Spawn Location: 5:00

Soodji - Winner!

  • Race: Protoss Protoss
  • League: Silver
  • Spawn Location: 11:00

Demian - Winner!

  • Race: Protoss Protoss
  • League: Platinum
  • Spawn Location: 12:00

VOD

Have the link to the VOD?

Description

Time

  • Played on: Oct. 28, 2025, 3:52 p.m.
  • Length: 34:02
Show
View Real Time Build Order
Export as new Build Order

Zodiak Terran 

Build Orders:  

Get SALT Encoding   

  12  0:00  SCV  
  13  0:12  SCV  
  14  0:18  Supply Depot  
  14  0:27  SCV  
  15  0:30  Refinery  
  15  0:40  SCV  
  16  0:45  Barracks  
  16  0:52  SCV  
  17  1:03  Barracks  
  17  1:07  SCV  
  18  1:20  Supply Depot, SCV  
  19  1:32  SCV  
  20  1:38  Barracks Reactor  
  20  1:44  SCV  
  21  1:48  Refinery  
  21  1:51  Barracks Tech Lab  
  21  2:00  Orbital Command  
  21  2:05  Factory  
  22  2:30  SCV  
  22  2:35  Command Center  
  22  2:40  Stimpack  
  22  2:42  Marine  
  23  2:45  Marine  
  24  2:51  Factory Tech Lab  
  24  2:54  SCV  
  24  2:56  Marine  
  26  3:04  Supply Depot  
  26  3:08  Marine  
  26  3:09  Engineering Bay  
  27  3:15  SCV  
  28  3:23  Marine  
  28  3:24  Marine  
  30  3:37  Marine  
  31  3:41  Marine  
  31  3:42  Marine, Siege Tank  
  36  3:52  Terran Infantry Weapons Level 1  
  36  3:55  Marine  
  36  3:59  Marine  
  36  4:00  Marine  
  39  4:11  Orbital Command  
  39  4:12  SCV  
  39  4:13  Marine  
  41  4:17  Marine x2  
  43  4:24  SCV  
  43  4:31  Marine  
  44  4:35  Marine x2  
  42  4:53  Marine  
  39  5:25  Marine  
  39  5:26  Marine x2  
  37  5:32  SCV  
  37  5:33  SCV  
  38  5:42  Starport  
  36  5:43  Marine  
  36  5:44  Marine x2, Starport, SCV  
  36  5:45  SCV  
  37  5:54  Refinery  
  37  5:55  Combat Shield  
  37  5:56  SCV  
  38  5:57  Terran Infantry Armor Level 1  
  38  6:01  Marine  
  38  6:02  Marine x2  
  41  6:04  Barracks  
  41  6:07  Barracks  
  41  6:11  Command Center  
  41  6:19  Marine x3  
  44  6:26  Refinery  
  44  6:30  Starport Reactor x2  
  44  6:37  Marine x3, Armory x2  
  47  6:48  Siege Tank  
  47  6:52  Barracks Reactor  
  50  6:54  Marine, Barracks Reactor  
  50  6:55  Marine x2  
  53  7:12  Marine  
  53  7:14  Supply Depot  
  54  7:15  Supply Depot  
  54  7:20  Supply Depot  
  54  7:23  Marine x2, Viking x2  
  60  7:30  Marine  
  60  7:34  Viking x2  
  65  7:38  Marine  
  65  7:40  SCV  
  67  7:48  Refinery  
  67  7:49  Supply Depot  
  67  7:56  Supply Depot  
  54  8:18  Viking  
  54  8:19  Marine, Viking x3  
  60  8:20  Marine  
  60  8:21  Marine  
  55  8:34  Marine  
  55  8:35  Marine x3  
  55  8:37  Marine  
  55  8:38  Marine x2  
  58  8:41  SCV  
  58  8:42  SCV x2  
  59  8:48  Viking  
  59  9:05  Viking  
  57  9:11  Viking  
  57  9:12  Viking  
  57  9:15  SCV x3  
  64  9:18  Viking  
  65  9:29  Marine  
  65  9:30  Marine x2  
  66  9:35  Viking  
  66  9:41  Viking  
  63  9:51  SCV x3  
  66  9:56  Siege Tank  
  65  10:01  Marine  
  65  10:02  Marine x6  
  65  10:06  SCV  
  71  10:09  Terran Ship Weapons Level 1  
  71  10:14  Terran Infantry Armor Level 2  
  71  10:18  SCV  
  71  10:19  Marine x5  
  71  10:20  Marine x2, Medivac x2  
  83  10:29  Siege Tank, Planetary Fortress  
  83  10:31  SCV x2  
  88  10:37  Marine x7  
  95  10:43  SCV  
  97  10:50  SCV  
  97  10:51  Bunker  
  97  10:55  SCV  
  98  11:02  SCV  
  99  11:07  SCV  
  99  11:08  Marine  
  99  11:09  Marine x6  
  107  11:16  Refinery  
  107  11:20  SCV  
  108  11:26  Marine  
  108  11:27  Supply Depot  
  108  11:30  Supply Depot  
  109  11:33  Supply Depot  
  109  11:48  Marine x3, Viking x2  
  109  11:49  SCV  
  109  11:52  Marine x3, Marauder  
  122  11:59  Supply Depot x2  
  122  12:00  Siege Tank  
  122  12:01  SCV  
  126  12:06  Marine x3  
  129  12:09  Marine x3  
  129  12:13  Marine  
  133  12:23  Viking x3  
  133  12:24  Marine x3, Viking  
  133  12:26  Terran Ship Weapons Level 2  
  133  12:27  Marine x3  
  133  12:29  Terran Vehicle And Ship Armor Level 1  
  147  12:35  Terran Infantry Armor Level 3  
  143  13:03  Marine  
  143  13:04  Marine x5  
  149  13:27  Marine x7  
  132  13:45  Marine x7  
  103  14:03  Marine x7  
  103  14:09  Engineering Bay  
  110  14:13  Supply Depot  
  110  14:14  SCV  
  110  14:15  Supply Depot  
  108  14:18  Supply Depot  
  108  14:20  Supply Depot  
  108  14:21  Marine x7  
  115  14:39  Marine x6  
  115  14:40  Barracks  
  115  14:42  Barracks  
  115  14:43  Terran Infantry Weapons Level 2  
  115  14:45  Terran Ship Weapons Level 3, Terran Vehicle And Ship Armor Level 2  
  122  14:54  Marauder  
  122  14:57  Marine x6  
  129  15:06  Viking, Command Center  
  131  15:07  Viking x2  
  131  15:09  Viking  
  137  15:14  Marine x6  
  137  15:16  Marauder  
  137  15:17  Siege Tank  
  148  15:32  Marine x6  
  154  15:36  Viking  
  154  15:37  Marauder  
  156  15:50  Marine x5  
  129  15:58  Marauder  
  129  16:02  Marine  
  132  16:08  Marine x5  
  137  16:13  Medivac x2  
  137  16:15  Barracks Reactor  
  137  16:16  Barracks Reactor  
  141  16:20  Marauder, Marine  
  141  16:22  Siege Tank  
  147  16:26  Marine x5  
  137  16:38  Marine  
  119  16:41  Marine  
  119  16:43  Marine x5  
  103  16:54  Siege Tank  
  103  16:58  Marine  
  103  16:59  Marine x5  
  107  17:09  Marine x4  
  107  17:10  Marine  
  107  17:13  Orbital Command  
  112  17:22  Marine  
  113  17:23  Marauder, Marine  
  113  17:24  Marine  
  117  17:37  Marine  
  117  17:38  Marine x6  
  117  17:40  Marine  
  117  17:41  Marine x2  
  117  17:43  Terran Infantry Weapons Level 3  
  127  17:44  Terran Vehicle And Ship Armor Level 3  
  127  17:45  Marauder  
  129  17:52  Starport  
  129  17:54  Starport  
  129  17:55  Marine  
  130  18:00  Marine  
  130  18:01  Marine x5  
  130  18:02  Fusion Core  
  136  18:06  Marauder  
  138  18:27  Marauder  
  138  18:47  Marine x10  
  148  18:49  Marauder  
  146  19:04  Marine, Viking x3  
  146  19:05  Marine x2, Viking  
  95  19:34  Viking x4  
  97  20:04  Viking x4  
  105  20:34  Viking x3  
  111  20:47  Command Center  
  54  23:32  Medivac  
  54  23:33  Medivac x3  
  42  24:02  Medivac  
  42  24:03  Medivac x3  
  33  24:32  Medivac x2  
  33  24:33  Medivac x2  
  35  25:35  Medivac  
  36  25:57  Marine x5  
  36  25:58  Marine x2  
  43  26:08  Medivac  
  32  26:34  Marine  
  32  26:35  Marine x2, Marauder  
  32  26:36  Marine x3  
  40  26:52  Marine  
  40  26:53  Marine x2  
  43  26:56  Marine, Marauder  
  46  27:15  Marine x2  
  47  27:16  Marine  
  47  27:18  Marauder  
  51  27:31  Marine x6  
  51  27:32  Marine x2  
  51  27:33  Marine x2  
  61  27:39  Marauder  
  61  27:42  Medivac  
  65  27:49  Marine x7  
  68  28:00  Marauder  
  56  28:24  Medivac x2  
  56  28:25  Medivac x2  
  56  28:54  Medivac  
  58  28:59  Marine  
  58  29:00  Marauder  
  61  29:09  Command Center  
  61  29:20  Medivac  
  51  29:32  Marine x9  
  51  29:33  Marine x2  
  52  29:50  Marine x6  
  52  29:51  Marine x2  
  60  29:55  Orbital Command  
  55  30:15  Marine, Marauder  
  55  30:16  Marine  
  55  30:17  Marine  
  58  30:34  Marine  
  58  30:35  Marine x5  
  62  30:37  Marauder  
  61  30:50  SCV  
  62  30:57  Marine  
  62  30:58  Marine  
  64  31:09  Marine x3, Marauder  
  68  31:22  Marine x2  
  69  31:38  Marine  
  69  31:39  Marine x6  
  65  32:01  Marine x3  
  56  32:48  Marine x8  
  56  32:49  Marine  
  37  33:34  Marine x2  
  37  33:35  Marine  
Show
View Real Time Build Order
Export as new Build Order

Ayhowa Terran 

Build Orders:  

Get SALT Encoding   

  12  0:00  SCV  
  13  0:12  SCV  
  14  0:24  SCV  
  14  0:25  Supply Depot  
  15  0:40  Refinery  
  15  0:47  Barracks, SCV  
  16  1:01  SCV  
  17  1:13  SCV  
  18  1:25  SCV  
  19  1:34  Supply Depot  
  19  1:36  Barracks Reactor  
  19  1:37  SCV  
  20  1:44  Barracks  
  20  1:58  Barracks  
  20  1:59  Orbital Command  
  20  2:17  Factory  
  20  2:18  Marine x2  
  22  2:29  Supply Depot  
  22  2:31  Barracks Tech Lab  
  22  2:36  Marine x2  
  25  2:50  Barracks Tech Lab  
  24  2:54  Marine x2  
  24  2:56  Marine x2  
  28  3:01  Supply Depot  
  28  3:05  Refinery  
  28  3:11  Marine  
  28  3:12  Marine  
  30  3:14  Marine x2  
  32  3:29  Marine x2  
  32  3:32  Marine x2  
  36  3:38  Supply Depot  
  36  3:45  Combat Shield  
  36  3:47  Marine x2, Factory Tech Lab  
  38  3:49  Marine  
  38  3:50  Marine  
  40  3:58  Supply Depot  
  40  4:05  Marine x2  
  40  4:07  Marine x2  
  44  4:23  Marine x2  
  46  4:25  Marine x2  
  48  4:41  Marine  
  47  5:00  Marine  
  47  5:01  Marine x3  
  51  5:18  Marine  
  51  5:19  Marine x3  
  55  5:36  Marine  
  55  5:37  Marine x3  
  56  5:54  Marine x3  
  34  6:32  Starport  
  28  6:34  Starport  
  27  6:45  Marine x2  
  27  6:46  Marine x2, Command Center  
  31  7:00  Cyclone  
  34  7:02  Command Center  
  34  7:03  Marine x4  
  38  7:14  Starport Reactor  
  38  7:17  Starport Reactor  
  38  7:21  Marine x4  
  42  7:39  Marine x4  
  46  7:48  SCV  
  47  7:56  Marine  
  47  7:57  Marine x3  
  48  8:00  SCV  
  47  8:12  SCV  
  43  8:14  Marine x2  
  44  8:24  SCV  
  42  8:55  Viking x4  
  43  9:11  Marine  
  43  9:12  Marine x3  
  41  9:25  Viking x4  
  41  9:29  Marine x3  
  41  9:30  Marine  
  48  9:47  Marine x4  
  48  9:49  SCV x2  
  54  9:55  Viking  
  56  10:05  Marine x3  
  59  10:11  Marine  
  60  10:14  SCV  
  60  10:15  SCV  
  60  10:21  Orbital Command  
  62  10:22  Marine  
  62  10:23  Marine x2  
  63  10:28  Marine  
  64  10:37  SCV x2  
  66  10:49  SCV x2  
  68  10:51  SCV  
  69  11:01  SCV  
  69  11:02  Orbital Command  
  69  11:03  SCV  
  71  11:04  Refinery  
  71  11:06  Refinery  
  71  11:09  Refinery  
  71  11:10  Refinery  
  71  11:13  SCV  
  71  11:15  SCV  
  73  11:22  Engineering Bay  
  73  11:25  SCV  
  74  11:28  SCV  
  74  11:30  SCV  
  76  11:34  Marine x4  
  76  11:37  SCV  
  81  11:40  SCV  
  81  11:42  SCV  
  83  11:49  SCV  
  83  11:52  SCV  
  83  11:54  SCV  
  86  11:55  Marine x3  
  86  11:56  Marine  
  86  11:57  Stimpack  
  90  12:11  Command Center  
  90  12:13  Marine x2  
  92  12:22  Terran Infantry Armor Level 1  
  92  12:26  Armory  
  92  12:27  SCV  
  93  12:49  Medivac  
  93  12:50  SCV  
  91  12:51  Medivac  
  91  12:52  Siege Tank  
  81  13:07  Viking  
  83  13:15  Marine  
  83  13:16  Marine x3  
  87  13:22  Unknown  
  87  13:23  Planetary Fortress  
  87  13:24  Siege Tank  
  90  13:33  Marine x2  
  90  13:34  Marine x2  
  94  13:51  Marine x4  
  93  13:56  Siege Tank  
  93  14:06  Medivac x4  
  93  14:09  Marine x4  
  99  14:16  Terran Infantry Weapons Level 1  
  99  14:26  Marine  
  99  14:27  Marine x3  
  99  14:28  Siege Tank  
  106  14:31  Barracks  
  106  14:33  Barracks x2  
  106  14:36  Medivac  
  108  14:45  Terran Vehicle Weapons Level 1  
  108  15:06  Command Center  
  108  15:11  Supply Depot  
  108  15:13  Supply Depot  
  108  15:22  Barracks Tech Lab  
  108  15:23  Barracks Tech Lab x2  
  108  15:32  Marine x4, Siege Tank, SCV  
  108  15:35  SCV x3  
  119  15:44  SCV  
  119  15:46  Marine x3  
  119  15:47  SCV  
  124  15:52  Marine x2, SCV x2  
  124  15:53  Marine  
  124  15:59  Marine  
  124  16:00  SCV x2  
  124  16:04  Marine x3, Siege Tank, SCV  
  116  16:05  SCV  
  116  16:09  Marine  
  116  16:10  Marine, Terran Infantry Armor Level 2  
  116  16:11  Marine  
  105  16:17  Marauder  
  94  16:21  Marine  
  94  16:22  Orbital Command, Marine x2, Refinery  
  97  16:27  Marine  
  97  16:28  Marine  
  97  16:29  Marine  
  100  16:37  Siege Tank  
  100  16:38  Marine  
  100  16:39  Marine, Terran Vehicle And Ship Armor Level 1  
  105  16:40  Marine x2  
  105  16:45  Marine  
  105  16:46  Marine x2  
  98  16:53  Viking  
  98  16:54  Viking x3  
  102  16:56  Marine  
  102  16:57  Marine  
  102  16:58  Marine x2  
  106  17:03  Marine x2  
  106  17:04  Marine  
  106  17:07  SCV  
  110  17:09  Siege Tank  
  110  17:13  Marine  
  110  17:15  Marine x3  
  115  17:19  SCV  
  115  17:21  Marine x2  
  115  17:22  Marine, Barracks  
  121  17:23  Viking  
  121  17:25  Barracks  
  121  17:27  Barracks  
  121  17:29  Barracks  
  123  17:31  Marine, SCV  
  123  17:33  Marine x3  
  128  17:38  Marine, Viking  
  128  17:39  Marine, Viking  
  128  17:40  Marine  
  128  17:41  Siege Tank  
  128  17:43  SCV  
  139  17:57  Concussive Shells  
  139  18:09  Command Center  
  139  18:15  Command Center  
  139  18:17  Supply Depot  
  139  18:25  Terran Infantry Weapons Level 2  
  139  18:32  Siege Tank  
  139  18:38  Marine x4, Medivac x2  
  147  18:52  Supply Depot x2  
  147  18:53  Marine, Supply Depot  
  147  18:54  Marine, Supply Depot  
  147  19:05  Missile Turret  
  147  19:09  Unknown  
  147  19:13  Marine x6, Medivac x3  
  147  19:14  Medivac, SCV  
  147  19:15  Siege Tank, Supply Depot  
  147  19:17  Supply Depot  
  136  19:18  Supply Depot  
  136  19:20  Marine x2  
  136  19:21  Marine x3  
  111  19:25  Missile Turret  
  111  19:31  Marine x6  
  111  19:38  Marine x5  
  114  19:43  Viking, Medivac x3  
  114  19:45  Terran Vehicle Weapons Level 2, Missile Turret  
  126  19:49  Marine x6  
  132  19:54  SCV x3  
  132  19:57  Marine x5  
  140  20:07  Marine x6  
  140  20:13  Viking x4  
  144  20:15  Marine x5  
  144  20:18  Siege Tank  
  152  20:22  Orbital Command  
  152  20:23  Command Center  
  152  20:24  Marine x2  
  152  20:25  Marine x4  
  158  20:32  Marine  
  158  20:33  Marine x4  
  163  20:41  Terran Infantry Armor Level 3  
  163  20:42  Marine x6  
  163  20:43  Viking  
  171  20:50  Marine, Siege Tank  
  171  20:51  Marine x4  
  179  21:00  Marine x6  
  185  21:08  Marine  
  185  21:09  Marine x4  
  178  21:18  Marine x3  
  174  21:19  Marauder x2  
  177  21:36  Marauder x2  
  173  21:40  Marauder x2  
  163  21:49  Marine x7  
  145  21:57  Marine x2  
  145  22:01  Marine x2, Terran Vehicle And Ship Armor Level 2  
  129  22:06  Marine  
  129  22:07  Marine x6  
  124  22:16  Marauder x2  
  124  22:18  Orbital Command  
  124  22:19  Marauder x2  
  128  22:24  Marine  
  128  22:25  Marine x4  
  137  22:37  Marauder x2, Barracks Reactor  
  137  22:39  Barracks Reactor  
  137  22:40  Marauder  
  137  22:41  Marauder  
  137  22:42  Marine x3  
  137  22:43  Marine x2  
  146  22:46  Barracks x2  
  146  22:48  Barracks x2  
  150  22:58  Marauder x2, Medivac x3  
  150  23:00  Marine x5  
  150  23:02  Marauder x2  
  159  23:18  Marine x5, Terran Infantry Weapons Level 3  
  168  23:20  Marauder x2  
  168  23:21  Marine x4  
  168  23:23  Marauder x2  
  176  23:30  Medivac x2  
  176  23:31  Medivac x2  
  184  23:35  Marine  
  184  23:36  Marine x4  
  184  23:38  Marine  
  184  23:39  Marine x2  
  189  23:41  Marauder x2  
  189  23:44  Marine  
  189  23:45  Marauder  
  180  23:53  Marine  
  177  24:00  Medivac x2  
  177  24:01  Medivac x2  
  187  24:02  Marauder  
  187  24:03  Marauder x2  
  187  24:06  Marauder  
  188  24:12  Marine  
  188  24:13  Marine x8  
  197  24:23  Marine  
  200  24:24  Marauder x2  
  200  24:27  Marine  
  200  24:30  Medivac  
  200  24:31  Marine  
  181  24:44  Marine  
  181  24:45  Marine x11  
  189  24:47  Medivac x2  
  189  24:48  Medivac  
  189  24:49  Marine  
  196  25:00  Medivac  
  196  25:02  Marine x6  
  196  25:03  Marine x2  
  169  25:23  Marine  
  169  25:24  Marine x12  
  160  25:36  Medivac  
  160  25:41  Marine x5  
  160  25:42  Marine x7, Marauder  
  137  25:59  Marine x9  
  137  26:00  Marauder x3  
  137  26:04  Marauder  
  150  26:09  Medivac x2  
  154  26:17  Marine x4  
  158  26:21  Marauder x2  
  162  26:35  Marine x3, Marauder x2  
  162  26:36  Marine  
  162  26:37  Marine x2  
  172  26:43  Marauder x2  
  176  26:51  Barracks Reactor x2  
  176  26:52  Barracks Reactor  
  176  26:55  Marine  
  176  26:56  Marine x2, Marauder  
  176  26:57  Marauder  
  183  27:04  Marauder x2  
  187  27:10  Command Center  
  187  27:15  Marine  
  186  27:16  Marine  
  186  27:18  Marauder x2  
  190  27:25  Marauder  
  190  27:26  Marauder  
  194  27:31  Marine x6  
  199  27:39  Marauder x2  
  199  27:43  Medivac  
  197  27:47  Marauder  
  159  28:24  Medivac x2  
  159  28:25  Medivac x2  
  150  28:59  Marine  
  150  29:00  Marauder  
  146  29:19  Medivac x2  
  100  29:31  Marine  
  100  29:32  Marine x9  
  100  29:33  Marine x10  
  117  29:49  Marine  
  117  29:50  Marine x7  
  117  29:51  Marine  
  122  30:15  Marine  
  122  30:16  Marauder x4  
  122  30:18  Marine  
  121  30:35  Marine x4  
  122  30:37  Marauder  
  123  30:51  SCV x3  
  126  30:57  Marine  
  126  30:58  Marauder  
  128  31:09  Marine, Marauder  
  128  31:10  Marauder  
  132  31:22  Marine, Marauder  
  132  31:23  Marauder  
  125  31:39  Marine x5  
  103  31:52  Orbital Command  
  95  32:01  Marine  
  95  32:02  Marine  
  83  32:48  Marine x5  
  45  33:34  Marine  
Show
View Real Time Build Order
Export as new Build Order

Soodji Protoss - Winner!

Build Orders: 1 Gate Expand, Carrier Rush 

Get SALT Encoding   

  12  0:02  Probe  
  13  0:17  Probe  
  13  0:19  Pylon  
  14  0:25  Probe  
  14  0:33  Probe  
  16  0:43  Gateway  
  16  0:47  Assimilator  
  16  0:58  Probe  
  17  1:10  Probe  
  18  1:22  Probe  
  19  1:26  Nexus  
  19  1:37  Cybernetics Core  
  19  1:45  Assimilator  
  19  1:46  Probe  
  20  2:04  Pylon, Probe  
  21  2:16  Probe  
  21  2:17  Stargate  
  22  2:25  Assimilator  
  22  2:28  Probe  
  23  2:30  Assimilator  
  23  2:40  Probe x2  
  25  2:52  Probe x2  
  27  3:01  Fleet Beacon, Probe x2  
  29  3:09  Probe  
  29  3:10  Probe  
  29  3:18  Probe  
  29  3:19  Probe  
  33  3:31  Probe x2  
  35  3:38  Carrier  
  35  3:43  Probe x2  
  37  3:55  Probe x2  
  45  4:07  Probe  
  46  4:16  Pylon, Protoss Air Weapons Level 1  
  46  4:21  Pylon  
  46  4:23  Carrier  
  46  4:25  Pylon  
  46  4:30  Forge  
  46  4:34  Probe x2  
  53  5:48  Pylon  
  53  5:49  Pylon  
  52  5:53  Photon Cannon  
  52  5:54  Shield Battery  
  52  5:55  Tempest  
  30  6:46  Fleet Beacon, Protoss Air Armor Level 1, Nexus  
  30  6:48  Stargate  
  30  7:01  Shield Battery  
  30  7:08  Probe  
  31  7:20  Probe  
  32  7:33  Probe  
  32  7:35  Photon Cannon  
  33  7:38  Pylon  
  33  7:45  Probe  
  33  7:46  Protoss Shields Level 1  
  34  7:57  Probe  
  34  8:09  Probe  
  39  8:20  Void Ray  
  39  8:28  Phoenix  
  34  8:51  Phoenix  
  32  9:03  Phoenix  
  32  9:08  Phoenix  
  30  9:25  Phoenix  
  32  9:33  Phoenix  
  34  9:50  Phoenix  
  36  10:02  Phoenix  
  38  10:15  Phoenix  
  40  10:24  Nexus  
  40  10:37  Pylon  
  40  10:42  Shield Battery  
  40  10:44  Protoss Air Weapons Level 2  
  40  10:45  Probe  
  41  10:58  Probe  
  42  11:53  Probe  
  43  11:56  Nexus  
  43  11:57  Probe  
  44  12:05  Probe  
  45  12:12  Phoenix  
  47  12:24  Phoenix  
  47  12:28  Probe  
  50  12:30  Probe  
  51  12:40  Probe  
  51  12:42  Probe  
  50  13:00  Phoenix x2  
  54  13:10  Probe x3  
  57  13:22  Probe x2  
  57  13:26  Phoenix  
  61  13:28  Unknown  
  61  13:31  Pylon  
  57  13:47  Phoenix  
  55  13:51  Phoenix  
  55  13:55  Shield Battery  
  57  14:12  Phoenix  
  57  14:15  Probe, Photon Cannon  
  57  14:16  Anion Pulse-Crystals, Phoenix  
  62  14:17  Probe x2  
  64  14:34  Phoenix  
  64  14:37  Probe x2  
  66  14:39  Pylon, Probe  
  66  14:41  Pylon  
  66  14:42  Phoenix  
  66  14:45  Probe  
  69  14:52  Phoenix  
  72  14:53  Probe  
  75  15:05  Stargate  
  75  15:06  Stargate  
  75  15:19  Shield Battery  
  75  15:20  Photon Cannon  
  75  15:26  Photon Cannon  
  75  15:30  Pylon  
  75  15:32  Pylon  
  75  15:35  Phoenix  
  55  16:17  Phoenix  
  55  16:18  Oracle, Phoenix x2  
  64  16:21  Probe  
  59  16:42  Phoenix x2  
  59  16:43  Phoenix  
  57  17:05  Phoenix  
  57  17:07  Phoenix x2  
  57  17:08  Phoenix  
  65  17:30  Phoenix  
  65  17:32  Phoenix x2  
  71  17:37  Unknown  
  71  17:42  Phoenix  
  73  17:45  Probe  
  73  17:46  Probe x2  
  76  18:03  Nexus  
  76  18:17  Protoss Air Armor Level 2  
  76  18:18  Phoenix x2  
  80  18:31  Phoenix  
  80  18:34  Phoenix  
  76  19:05  Phoenix x4  
  72  19:30  Phoenix  
  68  19:39  Phoenix x3  
  68  19:42  Probe x2  
  68  19:43  Probe x2  
  78  19:54  Probe  
  78  19:55  Probe x3  
  78  19:58  Assimilator  
  82  20:02  Assimilator  
  82  20:03  Phoenix  
  82  20:04  Pylon  
  82  20:05  Probe  
  82  20:06  Probe  
  82  20:07  Pylon, Probe  
  86  20:13  Probe  
  88  20:21  Probe  
  89  20:33  Probe, Phoenix x3  
  89  20:35  Twilight Council  
  96  20:45  Probe  
  87  21:05  Phoenix  
  87  21:06  Phoenix x3  
  95  21:30  Phoenix  
  95  21:31  Phoenix  
  81  21:59  Phoenix x4  
  84  22:31  Phoenix x2  
  84  22:32  Phoenix  
  84  22:36  Probe x2  
  84  22:37  Probe x2  
  94  22:48  Probe  
  89  23:13  Phoenix x2  
  89  23:14  Phoenix x2  
  93  23:38  Phoenix x3  
  97  24:00  Carrier x2  
  101  24:39  Phoenix  
  99  24:46  Phoenix  
  97  25:01  Phoenix x3  
  97  25:11  Phoenix  
  99  25:29  Carrier x2  
  103  26:30  Nexus  
  103  26:37  Photon Cannon  
  103  26:38  Photon Cannon  
  103  26:40  Photon Cannon  
  103  26:43  Carrier, Shield Battery  
  103  26:45  Carrier  
  103  26:46  Pylon  
  103  26:50  Pylon  
  103  27:00  Pylon  
  115  27:03  Pylon  
  115  27:05  Pylon  
  115  27:09  Assimilator  
  115  27:11  Assimilator  
  103  27:31  Carrier  
  28  28:36  Carrier  
  28  28:54  Probe x2  
  30  29:06  Probe  
  31  29:10  Nexus  
  31  29:12  Pylon  
  31  29:15  Pylon  
  31  29:18  Pylon  
  31  29:27  Shield Battery  
  31  29:36  Pylon  
  31  29:38  Nexus  
  31  29:41  Pylon  
  31  29:45  Pylon  
  31  29:48  Pylon  
  31  29:50  Assimilator  
  31  30:19  Probe  
  31  30:20  Probe x2  
  33  30:27  Probe  
  34  30:32  Probe x2  
  31  30:36  Probe  
  32  30:44  Probe  
  32  30:45  Probe  
  32  30:48  Probe  
  35  30:55  Probe  
  37  30:57  Probe  
  37  30:58  Probe  
  37  31:00  Probe  
  37  31:03  Probe  
  39  31:06  Probe  
  39  31:09  Probe  
  39  31:11  Probe  
  42  31:12  Probe  
  42  31:15  Probe  
  42  31:18  Assimilator  
  45  31:21  Assimilator, Probe  
  45  31:23  Shield Battery, Probe  
  45  31:24  Probe  
  45  31:25  Shield Battery  
  48  31:27  Probe, Photon Cannon  
  48  31:28  Carrier  
  48  31:29  Photon Cannon  
  48  31:31  Photon Cannon  
  49  31:33  Probe, Photon Cannon  
  49  31:35  Probe  
  49  31:37  Probe  
  49  31:38  Pylon  
  58  31:40  Pylon  
  58  31:45  Probe  
  58  31:46  Carrier  
  59  31:59  Probe  
  65  32:01  Probe x3  
  65  32:03  Carrier  
  65  32:07  Probe  
  68  32:16  Probe  
Show
View Real Time Build Order
Export as new Build Order

Demian Protoss - Winner!

Build Orders: 1 Gate Expand 

Get SALT Encoding   

  12  0:02  Probe  
  13  0:14  Probe  
  13  0:15  Pylon  
  14  0:22  Probe  
  15  0:32  Probe  
  16  0:40  Gateway  
  16  0:44  Probe  
  17  0:50  Assimilator  
  17  1:14  Nexus  
  17  1:17  Probe  
  18  1:23  Assimilator  
  18  1:30  Cybernetics Core  
  18  1:33  Probe  
  19  1:45  Probe  
  20  1:47  Pylon  
  20  1:57  Probe  
  21  2:03  Stalker  
  23  2:09  Warp Gate  
  24  2:15  Probe  
  24  2:30  Stalker, Probe  
  24  2:33  Probe  
  28  2:38  Probe  
  29  2:45  Probe  
  29  2:47  Probe  
  29  2:48  Twilight Council  
  31  2:54  Robotics Facility  
  31  2:57  Stalker, Probe  
  32  3:00  Probe  
  32  3:04  Pylon  
  35  3:09  Probe  
  35  3:12  Gateway, Probe  
  37  3:21  Probe  
  37  3:24  Probe  
  39  3:30  Pylon  
  39  3:34  Probe  
  40  3:36  Probe  
  40  3:38  Pylon  
  41  3:42  Pylon  
  41  3:46  Immortal, Probe  
  41  3:48  Probe  
  47  3:58  Assimilator  
  47  4:02  Sentry  
  49  4:13  Probe x2  
  49  4:14  Stalker  
  53  4:21  Assimilator  
  53  4:25  Probe x2  
  51  4:38  Shield Battery  
  51  4:41  Shield Battery  
  51  5:06  Pylon  
  51  5:08  Pylon  
  51  5:12  Shield Battery  
  51  5:14  Gateway  
  51  5:18  Gateway  
  51  5:22  Twilight Council  
  51  5:30  Robotics Bay  
  51  5:35  Sentry  
  52  5:53  Stalker  
  54  6:30  Blink  
  54  6:32  Extended Thermal Lance  
  54  6:39  Robotics Facility  
  54  6:43  Pylon  
  54  6:48  Pylon  
  54  6:50  Nexus, Pylon  
  54  7:00  Colossus  
  60  7:11  Probe  
  61  7:26  Disruptor  
  65  7:37  Pylon  
  65  7:38  Probe  
  65  7:39  Pylon  
  66  7:50  Probe  
  59  8:03  Stalker x3  
  63  8:23  Immortal x2  
  57  8:45  Nexus  
  57  8:49  Shield Battery  
  57  8:52  Stalker x3  
  63  9:21  Stalker x3  
  69  9:35  Colossus  
  73  10:04  Stalker x3  
  79  10:20  Gateway  
  79  10:24  Immortal  
  81  10:34  Probe  
  81  10:35  Probe  
  82  10:42  Probe  
  83  10:47  Probe  
  85  10:51  Nexus  
  85  11:03  Pylon  
  85  11:05  Pylon  
  85  11:06  Probe  
  85  11:08  Pylon  
  85  11:09  Assimilator  
  86  11:14  Assimilator  
  86  11:17  Templar Archives  
  86  11:19  Disruptor x2  
  86  11:30  Probe  
  95  11:45  Forge  
  95  11:48  Forge  
  95  11:51  Pylon, Observer  
  95  11:52  Probe x2  
  95  11:53  Observer  
  97  11:59  Psionic Storm  
  99  12:05  High Templar x3  
  105  12:16  Observer  
  105  12:22  Probe  
  106  12:23  Protoss Ground Armor Level 1, Protoss Ground Weapons Level 1  
  106  12:25  Probe x2  
  109  12:30  Probe  
  110  12:37  Probe  
  110  12:38  Probe  
  110  12:40  Probe  
  113  12:49  Probe  
  112  13:09  Stalker x3  
  112  13:10  Probe x2  
  112  13:11  Probe  
  121  13:15  Gateway  
  121  13:19  Shield Battery  
  121  13:20  Shield Battery  
  95  13:57  Stalker x3  
  101  14:12  Disruptor x2  
  109  14:25  Protoss Ground Weapons Level 2, High Templar x3  
  109  14:26  Probe x3, Protoss Ground Armor Level 2  
  118  14:44  Stalker x2  
  122  14:49  Charge  
  122  14:58  Nexus  
  122  15:01  Pylon  
  122  15:03  Pylon  
  122  15:06  Pylon  
  122  15:08  Stalker x5  
  122  15:10  Pylon  
  122  15:11  Assimilator  
  122  15:13  Assimilator  
  132  15:17  Photon Cannon  
  132  15:18  Photon Cannon  
  132  15:21  Photon Cannon  
  132  15:22  Photon Cannon  
  132  15:24  Photon Cannon  
  132  15:25  Photon Cannon  
  132  15:28  Photon Cannon  
  132  15:39  Photon Cannon  
  116  16:24  Stalker x5  
  120  16:39  Protoss Shields Level 1  
  100  17:06  Stalker  
  100  17:07  Stalker x4  
  106  17:09  Probe x3  
  109  17:17  Gateway  
  109  17:22  Shield Battery  
  109  17:26  Gateway, Shield Battery  
  109  17:29  Photon Cannon  
  109  17:30  Photon Cannon  
  109  17:33  Photon Cannon  
  109  17:34  Protoss Ground Weapons Level 3, Sentry  
  109  17:35  Sentry, Photon Cannon  
  109  17:36  Stalker x3  
  119  17:37  Photon Cannon  
  119  17:40  Disruptor x2  
  119  17:43  Photon Cannon  
  119  17:46  Photon Cannon  
  119  17:48  Shield Battery  
  127  18:03  High Templar x3  
  127  18:05  Stalker x2  
  137  18:15  Disruptor x2  
  141  18:41  Protoss Ground Armor Level 3  
  141  18:48  Stalker x5  
  145  18:49  Stalker  
  145  18:51  Disruptor x2  
  109  19:40  Stalker x7  
  123  20:16  Stalker x7  
  123  20:18  Probe  
  123  20:19  Probe x2  
  140  21:19  High Templar x5  
  122  22:26  Protoss Shields Level 2  
  113  22:30  Stalker x7  
  126  22:48  Dark Shrine  
  74  23:51  Stalker x4  
  82  24:05  Colossus x2  
  92  24:19  Dark Templar x2  
  92  24:20  Dark Templar x2  
  68  24:49  Disruptor x2  
  65  25:13  Stalker  
  65  25:14  Stalker x3  
  66  25:29  Immortal x2  
  51  26:22  Stalker x6  
  63  26:30  Assimilator  
  63  26:32  Nexus  
  63  26:36  Pylon  
  63  26:38  Pylon  
  63  26:49  Protoss Shields Level 3  
  63  27:07  Zealot  
  63  27:08  Zealot x5  
  75  27:14  Immortal x2  
  81  27:37  Dark Shrine  
  81  27:44  Zealot x6  
  71  28:05  High Templar  
  71  28:06  High Templar x4  
  75  28:20  Colossus  
  75  28:21  Colossus  
  56  28:58  High Templar  
  58  29:23  Zealot  
  58  29:24  Zealot x4  
  56  29:31  Dark Templar  
  50  29:53  Stalker  
  50  29:54  Stalker x4  
  60  30:14  Zealot  
  62  30:34  Dark Templar  
  62  30:51  Zealot x5  
  72  31:20  Zealot x6  
  56  31:41  Stalker x5  
  66  31:48  Zealot  
  68  32:12  Nexus  
  68  32:14  Zealot x6  
  80  32:16  Assimilator  
  80  32:18  Assimilator  
  80  32:20  Pylon  
  80  32:23  Pylon  
  80  32:35  Dark Templar x3  
  85  32:44  Zealot x3  
Tags
 
Add a new tag
Caveats
  • Supply blocks, unpowered buildings, or Contaminate may cause inaccurate times.
  • Supply counts are checked every 10 seconds.